 Dungeon Sprint DCSS version 0.31-a0-835-g2a3a5bc3be (webtiles) character file.

Game seed: 13727090568420500097

6612 Conn the Arsonist (level 11, -8/65 HPs)
             Began as an Octopode Fire Elementalist on Sept 26, 2023.
             Was the Champion of Sif Muna.
             Killed by an exploding elephant (24 damage)
             ... ignited by their inner flame
             ... in the Dungeon (Sprint VII: "The Pits").
             The game lasted 00:15:15 (1956 turns).

Conn the Arsonist (Octopode Fire Elementalist)      Turns: 1956, Time: 00:15:24

Health: -8/65      AC: -3    Str:  9    XL:     11   Next: 2%
Magic:  0/28       EV: 14    Int: 24    God:    Sif Muna [******]
Gold:   0          SH:  0    Dex: 15    Spells: 4/36 levels left

rFire   . . .        q - +2 dire flail (protect)
rCold   . . .        (shield currently unavailable)
rNeg    . . .        (helmet restricted)
rPois   .            (no amulet)
rElec   .            m - +3 ring of dexterity
rCorr   .            n - +3 ring of intelligence
SInv    .            (no ring)
Will    .....        (no ring)
Stlth   ++++         (no ring)
HPRegen 0.30/turn    (no ring)
MPRegen 0.21/turn    (no ring)
                     (no ring)

%: no teleportation
@: marked, corroded
A: almost no armour, amphibious, 8 rings, camouflage 1, gelatinous body 1,
(nimble swimmer 1), tentacles
a: Renounce Religion, Channel Magic, Forget Spell, Divine Exegesis


You were in the Dungeon.
You worshipped Sif Muna.
Sif Muna was exalted by your worship.
You visited 1 branch

Inventory:

Hand Weapons
 g - a +2 falchion
 l - a +2 quarterstaff of protection
 q - a +2 dire flail of protection (weapon)
Jewellery
 m - a +3 ring of dexterity (left tentacle)
 n - a +3 ring of intelligence (right tentacle)
Scrolls
 f - a scroll of blinking
 i - 2 scrolls of vulnerability
 j - 5 scrolls of amnesia
Potions
 a - 5 potions of magic
 b - 6 potions of curing
 d - 2 potions of haste
 e - 2 potions of berserk rage
 h - a potion of invisibility
 o - 4 potions of might
 p - 3 potions of mutation


   Skills:
 + Level 2.5 Fighting
 + Level 1.7 Long Blades
 + Level 4.2 Dodging
 - Level 6.0 Stealth
 + Level 13.4 Spellcasting
 * Level 10.7 Conjurations
 - Level 3.0 Hexes
 * Level 3.8 Summonings
 + Level 1.5 Translocations
 + Level 14.1 Fire Magic
 * Level 11.0 Invocations


You had 4 spell levels left.
You knew the following spells:

 Your Spells              Type           Power      Damage    Failure   Level
a - Foxfire               Conj/Fire      100%       2x1d9     1%          1
b - Scorch                Fire           100%       2d9       0%          2
c - Inner Flame           Hex/Fire       55%        N/A       1%          3
d - Flame Wave            Conj/Fire      66%        2d15      1%          4
e - Fireball              Conj/Fire      33%        3d14      1%          5
f - Iskenderun's Mystic   Conj/Tloc      45%        2d10      3%          4
g - Fulminant Prism       Conj/Hex       24%        3d12      2%          4
h - Starburst             Conj/Fire      33%        6d10      3%          6
i - Summon Guardian Gole  Hex/Summ       32%        N/A       2%          3

Your spell library contained the following spells:

 Spells                   Type           Power      Damage    Failure   Level
 Momentum Strike          Conj/Tloc      90%        3d10      1%          2
 Searing Ray              Conj           100%       2d8       1%          2
 Volatile Blastmotes      Fire/Tloc      100%       2d18      1%          3
 Freeze                   Ice            64%        1d7       3%          1
 Ensorcelled Hibernation  Hex/Ice        46%        N/A       3%          2
 Tukima's Dance           Hex            30%        N/A       3%          3
 Cigotuvi's Dreadful Rot  Necr/Pois/Air  32%        N/A       5%          2
 Vampiric Draining        Necr           16%        2d7       11%         3
 Leda's Liquefaction      Hex/Erth       11%        N/A       21%         4
 Summon Forest            Summ/Tloc      14%        N/A       34%         5
 Orb of Destruction       Conj           30%        9d10      36%         7
 Silence                  Hex/Air        11%        N/A       50%         5
 Yara's Violent Unravell  Hex/Tmut       11%        3d6       50%         5
 Conjure Ball Lightning   Conj/Air       21%        3x3d6     52%         6
 Agony                    Necr           16%        N/A       71%         5
 Borgnjor's Vile Clutch   Necr/Erth      8%         N/A       71%         5
 Spellforged Servitor     Conj/Summ      25%        N/A       83%         7


Dungeon Overview and Level Annotations

Branches:
Dungeon (1/1)

Altars:
Ashenzari
Cheibriados
Dithmenos
Elyvilon
Fedhas
Gozag
Hepliaklqana
Kikubaaqudgha
Makhleb
Nemelex Xobeh
Okawaru
Qazlal
Ru
Sif Muna
Trog
Uskayaw
Vehumet
Wu Jian
Xom
Yredelemnul
Zin
The Shining One
Jiyva
Lugonu


Innate Abilities, Weirdness & Mutations

You cannot wear most types of armour.
You are amphibious.
You can wear up to eight rings at the same time.
Your skin changes colour to match your surroundings (Stealth+).
Your rubbery body absorbs attacks. (AC +1, EV +1)
((You are camouflaged when in or above water. (Stealth+)))
You have tentacles for arms and can constrict up to eight enemies at once.


Message History

The orc knight explodes!
Your fulminant prism explodes!
The blast of energy engulfs the elephant!
The elephant is moderately wounded.
The blast of energy engulfs the ogre!!
You kill the ogre!
Sif Muna accepts your kill.
Your Invocations skill increases to level 11!
You have reached level 11!
Unknown command.
Unknown command.
Casting: Starburst (dangerous; 3% risk of failure)
Confirm with . or Enter, or press ? or * to list all spells.
Aiming: Inner Flame (safe; 1% risk of failure)
Press: ? - help, Dir - move target, f - elephant
Aim: an elephant (flame, moderately wounded, chance to affect: 73%)
The elephant is filled with an intense inner flame!
The elephant is engulfed in blazing flames.
Flame seeps out of the elephant.
Unknown command.
Casting: Inner Flame (safe; 1% risk of failure)
Confirm with . or Enter, or press ? or * to list all spells.
You conjure some foxfire!
The elephant is engulfed in blazing flames.
Flame seeps out of the elephant.
Your magical contamination has completely faded away.
Unknown command.
Casting: Foxfire (safe; 1% risk of failure)
Confirm with . or Enter, or press ? or * to list all spells.
Flames lash the elephant.
Flame seeps out of the elephant.
The elephant is severely wounded.
The elephant's fire resistance burns away.
The foxfire hits the elephant but does no damage.
The elephant is severely wounded.
The elephant is engulfed in blazing flames.
Flame seeps out of the elephant.
The foxfire hits the elephant!
The elephant is burned terribly!
Sif Muna accepts your kill.
The elephant explodes!
The fiery explosion engulfs you!!
You die...

#_________.# #_________.#
#_______...###########++######
##########'##................#
#..(.')))'.##......#..#......#
##########.##................+
#...........'................+
#'#####'#####...§§§#○§#......#
#)#..#.....##...@§§§§§o(.....#
#)#))#####'#####§#####''######
#)#))#..)..##....§..##''#########
#.#).#.....##.......##..#........
#.#[[###'####.......##.o##.....§.
#.##'#..†..##...<...##D.####...#÷
#.#........##.......##..#..#####.
#.#........##.......##.o#....##..
#'###########.......##..'.....#..


You could see an orc warrior.

Vanquished Creatures
  Harold (D)
  A deep troll (D)
  2 lindwurms (D)
  An orc knight (D)
  An orc sorcerer (D)
  An elephant (D)
  A gargoyle (D)
  A komodo dragon (D)
  A guardian mummy (D)
  2 tarantellas (D)
  A ynoxinul (D)
  5 yaks (D)
  A wyvern (D)
  A fire bat (D)
  A steam dragon (D)
  An acid dragon (D)
  A floating eye (D)
  A black bear (D)
  2 orc warriors (D)
  A centaur (D)
  An ogre (D)
  A phantom (D)
  A bullfrog (D)
  A quasit (D)
  2 gnoll boudas (D)
  A jelly (D)
  Jessica (D)
  An iguana (D)
  5 gnolls (D)
  2 river rats (D)
  2 ufetubi (D)
  2 worms (D)
  2 orcs (D)
  An endoplasm (D)
  A giant cockroach (D)
  A jackal (D)
  A frilled lizard (D)
  A quokka zombie (D)
  3 rats (D)
  A foxfire (D)
58 creatures vanquished.

Vanquished Creatures (collateral kills)
  A troll (D)
1 creature vanquished.

Vanquished Creatures (others)
  A wolf (D)
  60 foxfires (D)
  3 fulminant prisms (D)
64 creatures vanquished.

Grand Total: 123 creatures vanquished

Notes
Turn   | Place    | Note
-------+----------+-------------------------------------------
     0 | D        | Conn the Octopode Fire Elementalist began the quest for the
                  | Orb.
     0 | D        | Reached XP level 1. HP: 11/11 MP: 3/3
    18 | D        | Reached skill level 4 in Fire Magic
    18 | D        | Reached XP level 2. HP: 5/17 MP: 0/5
   100 | D        | Found a bloodstained altar of Trog.
   100 | D        | Found a shimmering blue altar of Sif Muna.
   100 | D        | Found a viscous altar of Jiyva.
   100 | D        | Found a hazy altar of Hepliaklqana.
   100 | D        | Found an opulent altar of Gozag.
   101 | D        | Found a glowing golden altar of the Shining One.
   101 | D        | Found a glowing silver altar of Zin.
   101 | D        | Found a basalt altar of Yredelemnul.
   101 | D        | Found a shimmering altar of Xom.
   101 | D        | Found an ornate altar of the Wu Jian Council.
   101 | D        | Found a sacrificial altar of Ru.
   101 | D        | Found a stormy altar of Qazlal.
   101 | D        | Found an iron altar of Okawaru.
   101 | D        | Found a sparkling altar of Nemelex Xobeh.
   101 | D        | Found a burning altar of Makhleb.
   101 | D        | Found a blossoming altar of Fedhas.
   101 | D        | Found a white marble altar of Elyvilon.
   101 | D        | Found a shadowy altar of Dithmenos.
   101 | D        | Found a snail-covered altar of Cheibriados.
   102 | D        | Found a radiant altar of Vehumet.
   102 | D        | Found a corrupted altar of Lugonu.
   103 | D        | Found an ancient bone altar of Kikubaaqudgha.
   103 | D        | Found a hide-covered altar of Uskayaw.
   103 | D        | Found a broken altar of Ashenzari.
   104 | D        | Became a worshipper of Sif Muna the Loreminder
   141 | D        | Learned a level 2 spell: Scorch
   143 | D        | Reached * piety under Sif Muna
   199 | D        | Reached ** piety under Sif Muna
   228 | D        | Noticed a floating eye
   230 | D        | Paralysed by a floating eye for 4 turns
   234 | D        | Killed a floating eye
   235 | D        | Reached skill level 1 in Long Blades
   235 | D        | Reached skill level 5 in Spellcasting
   235 | D        | Reached skill level 6 in Fire Magic
   235 | D        | Reached XP level 3. HP: 21/21 MP: 5/9
   235 | D        | Reached XP level 4. HP: 27/27 MP: 6/11
   235 | D        | Reached XP level 5. HP: 31/31 MP: 6/12
   329 | D        | Learned a level 3 spell: Inner Flame
   334 | D        | Learned a level 4 spell: Flame Wave
   353 | D        | Noticed a fire bat
   365 | D        | Reached *** piety under Sif Muna
   366 | D        | Reached skill level 5 in Stealth
   366 | D        | Reached skill level 1 in Hexes
   471 | D        | Reached skill level 7 in Fire Magic
   471 | D        | Reached skill level 1 in Invocations
   474 | D        | Reached **** piety under Sif Muna
   600 | D        | Killed a fire bat
   601 | D        | Reached skill level 8 in Fire Magic
   601 | D        | Reached XP level 6. HP: 36/36 MP: 14/16
   669 | D        | Noticed a wyvern
   674 | D        | Killed a wyvern
   674 | D        | Reached ***** piety under Sif Muna
   674 | D        | Identified Sif Muna's Quarto of Puissant Shadows (Sif Muna
                  | gifted it to you in the Dungeon)
   674 | D        | Received a gift from Sif Muna
   675 | D        | Reached skill level 5 in Conjurations
   675 | D        | Reached XP level 7. HP: 14/42 MP: 7/18
   682 | D        | Learned a level 5 spell: Fireball
   684 | D        | Noticed Jessica
   688 | D        | Reached skill level 5 in Invocations
   806 | D        | Learned a level 4 spell: Iskenderun's Mystic Blast
   823 | D        | Killed Jessica
   824 | D        | Reached skill level 9 in Fire Magic
   861 | D        | Noticed a komodo dragon
   865 | D        | Killed a komodo dragon
   866 | D        | Reached skill level 1 in Fighting
   866 | D        | Reached XP level 8. HP: 48/48 MP: 2/21
  1128 | D        | Noticed a deep troll
  1135 | D        | Killed a deep troll
  1136 | D        | Reached skill level 10 in Fire Magic
  1197 | D        | Reached skill level 10 in Spellcasting
  1240 | D        | Noticed a ynoxinul
  1240 | D        | Noticed a lindwurm
  1243 | D        | Killed a ynoxinul
  1243 | D        | Noticed a troll
  1244 | D        | Noticed a yak
  1246 | D        | Killed a lindwurm
  1246 | D        | Noticed a yak
  1247 | D        | Reached skill level 11 in Fire Magic
  1247 | D        | Reached XP level 9. HP: 22/54 MP: 2/24
  1252 | D        | Killed a troll
  1252 | D        | Identified Sif Muna's Grimoire of the Fetching Icicle (Sif
                  | Muna gifted it to you in the Dungeon)
  1252 | D        | Received a gift from Sif Muna
  1254 | D        | Reached skill level 12 in Fire Magic
  1449 | D        | Learned a level 4 spell: Fulminant Prism
  1449 | D        | Noticed a tarantella
  1452 | D        | Killed a tarantella
  1452 | D        | Identified Sif Muna's Atlas of Conjury and Aeromancy (Sif
                  | Muna gifted it to you in the Dungeon)
  1452 | D        | Received a gift from Sif Muna
  1453 | D        | Reached XP level 10. HP: 61/61 MP: 17/26
  1472 | D        | Learned a level 6 spell: Starburst
  1536 | D        | Noticed a gargoyle
  1553 | D        | Noticed a lindwurm
  1555 | D        | Killed a gargoyle
  1559 | D        | Reached skill level 13 in Fire Magic
  1575 | D        | Reached skill level 10 in Invocations
  1750 | D        | Identified Fered's Encyclopedia of Rallying and Malediction
                  | (Sif Muna gifted it to you in the Dungeon)
  1750 | D        | Received a gift from Sif Muna
  1799 | D        | Learned a level 3 spell: Summon Guardian Golem
  1811 | D        | Noticed an orc sorcerer
  1816 | D        | Killed a lindwurm
  1817 | D        | Reached skill level 10 in Conjurations
  1817 | D        | Reached skill level 1 in Summonings
  1817 | D        | Reached skill level 1 in Translocations
  1912 | D        | Noticed Harold
  1929 | D        | Killed Harold
  1947 | D        | Killed an orc sorcerer
  1948 | D        | Reached skill level 14 in Fire Magic
  1948 | D        | Noticed an orc knight
  1952 | D        | Noticed an elephant
  1953 | D        | Killed an orc knight
  1953 | D        | Reached ****** piety under Sif Muna
  1954 | D        | Reached XP level 11. HP: 16/65 MP: 5/28
  1956 | D        | Killed by an exploding elephant... ignited by their inner
                  | flame

Illustrated notes

Levels and vault maps discovered:
D:        pitsprint [storerooms_1, entrance_room_1, metal_vault_1, armoury_1,
          mini_pit_1, grid_room_1, main_hall_1, silver_pit, the_coven_3,
          the_vestibule_1, steel_vault_5, golden_pit, hallway_of_sentries,
          crystal_vault_4, iron_vault_1, final_vault]

Skill      XL: |  1  2  3  4  5  6  7  8  9 10 |
---------------+-------------------------------+-----
Stealth        | 3 4 6 |  6.0
Fire Magic     | 4 6 8 9 11 12 14 | 14.1
Spellcasting   | 5 7 9 11 12 13 | 13.4
Conjurations   | 3 4 5 6 8 9 10 | 10.7
Long Blades    | 1 |  1.7
Dodging        | 3 4 |  4.2
Hexes          | 3 |  3.0
Invocations    | 3 4 6 8 9 11 | 11.0
Fighting       | 1 2 |  2.5
Summonings     | 3 |  3.8
Translocations | 1 |  1.5

Action                     |  1- 3 |  4- 6 |  7- 9 | 10-12 || total
---------------------------+-------+-------+-------+-------++-------
  Melee: Unarmed           |     3 |       |       |       ||     3
         Tentacles         |     2 |     3 |       |       ||     5
         Constrict         |     2 |     1 |       |     1 ||     4
         Falchion          |     3 |     1 |       |       ||     4
         Quarterstaff      |       |     2 |       |       ||     2
         Dire flail        |       |       |       |     1 ||     1
   Cast: Foxfire           |     8 |    11 |    10 |    10 ||    39
         Scorch            |     2 |     5 |    10 |    12 ||    29
         Inner Flame       |       |     4 |     7 |     7 ||    18
         Flame Wave        |       |     1 |     3 |     3 ||     7
         Fireball          |       |       |     2 |       ||     2
         Iskenderun's Myst |       |       |     1 |     6 ||     7
         Starburst         |       |       |       |     9 ||     9
         Fulminant Prism   |       |       |       |     3 ||     3
         Summon Guardian G |       |       |       |     1 ||     1
 Invoke: Channel Magic     |       |       |     1 |     3 ||     4
    Use: Potion            |       |     2 |     1 |     6 ||     9
         Scroll            |       |       |     1 |       ||     1
   Stab: Sleeping          |     1 |     1 |       |       ||     2
 Armour: Skin              |     3 |     4 |    10 |    19 ||    36
  Dodge: Dodged            |     1 |     5 |     5 |    12 ||    23

Table legend: (Time is in decaauts)
 A = Elapsed time spent in this place.
 B = Non-inter-level travel time spent in this place.
 C = Inter-level travel time spent in this place.
 D = Time resting spent in this place.
 E = Time spent auto-exploring this place.
 F = Levels seen in this place.
 G = Mean time per level.
                   A        B        C        D        E       F      G
               +--------+--------+--------+--------+--------+-----+--------+
         Total |   1956 |   1956 |      0 |   1114 |      0 |   1 | 1956.0 |
       Dungeon |   1956 |   1956 |      0 |   1114 |      0 |   1 | 1956.0 |
               +--------+--------+--------+--------+--------+-----+--------+

Top non-repeatable levels by time:
       D: 1956 daAuts
